 Dungeon Crawl Stone Soup version 0.28-a0-1518-gbe868bc (webtiles) character file.

Game seed: 16142610209131212801

72 Illumine the Digger (level 3, -2/26 HPs)
             Began as a Demigod Earth Elementalist on Jan 17, 2022.
             Killed by divine providence
             ... invoked by an orc priest
              (15 damage)
             ... on level 3 of the Dungeon.
             The game lasted 00:02:47 (2329 turns).

Illumine the Digger (Demigod Earth Elementalist)    Turns: 2329, Time: 00:02:48

Health: -2/26      AC:  3    Str:  9    XL:     3   Next: 80%
Magic:  10/10      EV: 12    Int: 21    God:
Gold:   93         SH:  0    Dex: 14    Spells: 3/7 levels left

rFire   . . .      SeeInvis .   g - +0 mace
rCold   . . .      Faith    .   (no shield)
rNeg    . . .      Spirit   .   b - +0 robe
rPois   .          Reflect  .   i - +0 helmet
rElec   .          Harm     .   (no cloak)
rCorr   .          Rampage  .   (no gloves)
Will    .....                   (no boots)
Stlth   ++........              (no amulet)
HPRegen 0.08/turn               (no ring)
MPRegen 0.12/turn               (no ring)

@: no status effects
A: high mp 1, forlorn, divine attributes
a: no special abilities


You were on level 3 of the Dungeon.
You visited 1 branch of the dungeon, and saw 3 of its levels.

You collected 93 gold pieces.

Inventory:

Hand Weapons
 g - a +0 mace (weapon)
Missiles
 c - 45 stones
Armour
 b - a +0 robe (worn)
 i - a +0 helmet (worn)
Scrolls
 d - a scroll of identify {unknown}
 e - a scroll of fog {unknown}
 h - a scroll of noise {unknown}
Potions
 a - 2 potions of haste {unknown}
 f - 3 potions of heal wounds {unknown}
 j - a potion of curing {unknown}


   Skills:
 - Level 1.7 Dodging
 - Level 1.7 Stealth
 + Level 2.9 Spellcasting
 + Level 0.0 Conjurations
 - Level 0.8 Transmutations
 + Level 3.7 Earth Magic


You had 3 spell levels left.
You knew the following spells:

 Your Spells              Type           Power      Damage    Failure   Level
a - Sandblast             Erth           36%        2d10      3%          1
b - Stone Arrow           Conj/Erth      20%        3d8       19%         3

Your spell library contained the following spells:

 Spells                   Type           Power      Damage    Failure   Level
 Passwall                 Tmut/Erth      10%        N/A       8%          2
 Petrify                  Tmut/Erth      12%        N/A       45%         4


Dungeon Overview and Level Annotations

Branches:
Dungeon (3/15)


Innate Abilities, Weirdness & Mutations

You have an increased reservoir of magic. (+10% MP)
You shall have no god before yourself.
Your divine heritage dramatically boosts your attributes as you level up.


Message History

Casting: Sandblast (safe; 3% risk of failure)
Confirm with . or Enter, or press ? or * to list all spells.
Aiming: Sandblast (safe; 3% risk of failure)
Press: ? - help, Shift-Dir - straight line, f/p - orc
Aim: an orc, wielding a +0 club and wearing a +0 leather armour (heavily wounded, 79% to hit)
The blast of sand hits the orc.
You kill the orc!
You start resting.
Magic restored.
You start resting.
HP restored.
Things that are here:
a +0 club; a +0 leather armour; an orc corpse
Okay, then.
This spell is quite dangerous to cast!
Memorise Stone Arrow, consuming 3 spell levels and leaving 3?
You start memorising the spell.
You continue memorising. x3
You finish memorising.
Spell assigned to 'b'.
There is a stone staircase leading up here.
You see here a ball python corpse.
Found a stone staircase leading down.
You now have 93 gold pieces (gained 20).
Found 20 bolts.
An orc priest, an orc wizard and a giant cockroach come into view.
The orc priest shouts!
You hear a shout!
An orc comes into view. It is wielding a +0 mace.
The orc wizard moves out of view.
An orc comes into view. It is wielding a +0 flail.
The orc shouts! x2
An orc priest comes into view. It is wielding a +0 club.
The orc priest looks satisfied for a moment.
The orc priest invokes the aid of Beogh against you.
Beogh smites you!
Ouch! That really hurt!
You hear a shout! x2
The orc priest shouts!
The orc priest mumbles some strange prayers to Beogh against you.
Beogh smites you!
Ouch! That really hurt!
You die...

...## ... .....#.##..##
... #....#.#....## ..
......#.....#
..##..#..#.....##
.#...#..#......##
##....#..#.#....#..##
...#.##.#.#....##B.# ..
#..#)#.รท..@.B..##..#
..#..
..#<#..#......#..##
......
#.#.#.(#......#.##
.....###.#....#.>....#.#
.....##..[.##.##.#####.#
#.........###.##.. ##o#
#.##...#.......##.# #.o#
...........##....o###.##
.....#...............o#


You could see an orc priest and a giant cockroach.

Vanquished Creatures
  An adder (D:2)
  4 worms
  A dart slug (D:2)
  An orc (D:3)
  2 ball pythons
  4 endoplasms
  4 giant cockroaches
  A goblin (D:2)
  6 hobgoblins
  4 jackals (D:1)
  2 quokkas (D:2)
  2 bats (D:1)
  3 frilled lizards (D:1)
  6 kobolds
  2 rats
43 creatures vanquished.

Notes
Turn   | Place    | Note
-------+----------+-------------------------------------------
     0 | D:1      | Illumine the Demigod Earth Elementalist began the quest for
                  | the Orb.
     0 | D:1      | Reached XP level 1. HP: 14/14 MP: 5/5
   371 | D:1      | Reached skill level 3 in Earth Magic
   398 | D:1      | Reached XP level 2. HP: 20/20 MP: 3/7
  1341 | D:2      | Reached XP level 3. HP: 26/26 MP: 5/9
  2280 | D:3      | Learned a level 3 spell: Stone Arrow
  2329 | D:3      | Killed from afar by an orc priest

Illustrated notes

Levels and vault maps discovered:
D:1:      dpeg_arrival_signposts, layout_basic, dreamdust_ecumenical_altar_grove
D:2:      layout_basic, lemuel_old_faithful
D:3:      layout_rooms

Skill      XL: |  1 |
---------------+----+-----
Spellcasting   | 2 |  2.9
Earth Magic    | 3 |  3.7
Dodging        | |  1.7
Stealth        | |  1.7
Transmutations | |  0.8

Action                   || total
-------------------------++-------
Melee: Mace              ||     7
 Cast: Sandblast         ||    66
Armor: Robe              ||     9
Dodge: Dodged            ||    18

Table legend: (Time is in decaauts)
 A = Elapsed time spent in this place.
 B = Non-inter-level travel time spent in this place.
 C = Inter-level travel time spent in this place.
 D = Time resting spent in this place.
 E = Time spent auto-exploring this place.
 F = Levels seen in this place.
 G = Mean time per level.
                   A        B        C        D        E       F      G
               +--------+--------+--------+--------+--------+-----+--------+
         Total |   2331 |   2273 |     58 |    276 |   1682 |   3 |  777.0 |
       Dungeon |   2331 |   2273 |     58 |    276 |   1682 |   3 |  777.0 |
               +--------+--------+--------+--------+--------+-----+--------+

Top non-repeatable levels by time:
     D:1: 1078 daAuts
     D:2: 925 daAuts
     D:3: 327 daAuts
